AoeStats
← Tesistaní

Arena

510829316Analyzed
3v3 RM · 10h ago on Oct 2, 2026· 42m 45s· 6 players
Game mode
Random Map
Map size
Normal (6 player)
Population
200
Speed
Normal
Resources
Standard
Victory
Conquest
Starting age
Dark Age
Ending age
Imperial Age
RankedLock teamsTeams togetherTeam positionsShared explorationLock speedFull tech treeHidden civsTurbo modeCheats
Victory
Defeat
🇲🇽 Britons · Mexico
1106
+15
🇲🇽 Mongols · Mexico
1100
+16
🇲🇽 Franks · Mexico
1097
+16
🇩🇪 Britons · Germany
1155
-18
🇩🇪 Khmer · Germany
1098
-16
🇩🇪 Franks · Germany
1024
-13
kingnick8238
0:26 Loom
12:52 Feudal Age
15:44 Castle Age
15:09 Double-Bit Axe
15:58 Stone Mining
16:01 Horse Collar
16:39 Bow Saw
20:28 Wheelbarrow
21:29 Town Watch
25:01 Hand Cart
26:56 Hand Cart
28:48 Gold Mining
30:06 Gold Shaft Mining
32:20 Imperial Age
29:57 Heavy Plow
30:53 Town Patrol
32:02 Pikeman
32:29 Arson
33:14 Ballistics
33:20 Double Crossbow
35:16 Chemistry
36:03 Halberdier
36:21 Heavy Scorpion
37:08 Scale Barding Armor
37:14 Forging
37:33 Light Cavalry
38:24 Bloodlines
38:14 Husbandry
39:46 Hussar
41:22 Crop Rotation
Pumba
7:26 Loom
10:53 Feudal Age
15:26 Castle Age
14:18 Double-Bit Axe
17:10 Wheelbarrow
16:59 Bow Saw
21:19 Hand Cart
23:20 Town Watch
24:51 Scale Barding Armor
25:20 Husbandry
26:15 Gold Mining
26:16 Stone Mining
30:56 Imperial Age
29:08 Chain Barding Armor
30:04 Forging
31:15 Cavalier
33:32 Chemistry
32:40 Siege Engineers
32:23 Light Cavalry
33:21 Paladin
41:23 Plate Barding Armor
41:25 Iron Casting
40:41 Fletching
41:46 Conscription
Texler
10:18 Feudal Age
11:07 Double-Bit Axe
11:04 Horse Collar
16:24 Castle Age
15:04 Fletching
15:15 Padded Archer Armor
16:15 Gold Mining
16:30 Gold Mining
20:04 Bodkin Arrow
20:29 Loom
20:29 Town Watch
23:06 Leather Archer Armor
27:56 Heavy Plow
28:11 Bow Saw
31:35 Imperial Age
29:00 Pikeman
31:32 Yeomen
31:47 Ballistics
33:27 Chemistry
32:31 Bracer
33:01 Ring Archer Armor
34:15 Scale Mail Armor
34:26 Forging
35:02 Siege Engineers
34:51 Halberdier
38:30 Warwolf
38:11 Elite Skirmisher
39:14 Elite Longbowman
41:04 Squires
40:49 Gambesons
[GDL] Aníbal
10:50 Feudal Age
12:40 Wheelbarrow
11:54 Double-Bit Axe
15:23 Castle Age
13:46 Horse Collar
16:57 Bow Saw
18:32 Forging
18:57 Hand Cart
22:01 Stone Mining
23:51 Gold Mining
24:37 Stone Shaft Mining
25:30 Gold Shaft Mining
25:28 Loom
30:16 Imperial Age
27:40 Town Watch
28:34 Bloodlines
29:03 Heavy Plow
29:34 Town Patrol
30:40 Husbandry
31:32 Scale Barding Armor
31:24 Fletching
31:34 Padded Archer Armor
32:11 Elite Steppe Lancer
34:14 Conscription
34:14 Drill
33:40 Capped Ram
35:35 Nomads
35:55 Fervor
35:19 Elite Mangudai
36:51 Chain Barding Armor
37:07 Iron Casting
36:28 Bodkin Arrow
36:48 Leather Archer Armor
38:26 Siege Ram
39:18 Atonement
40:38 Chemistry
41:10 Hoardings
40:42 Thumb Ring
41:03 Parthian Tactics
40:51 Fortified Wall
40:36 Murder Holes
41:51 Ballistics
41:42 Masonry
Dopamine
0:32 Loom
12:23 Feudal Age
14:13 Double-Bit Axe
16:55 Castle Age
15:15 Stone Mining
15:20 Horse Collar
16:08 Fletching
16:22 Padded Archer Armor
18:14 Bow Saw
23:12 Ballistics
28:58 Imperial Age
27:49 Yeomen
28:01 Bodkin Arrow
29:48 Wheelbarrow
28:45 Pikeman
30:03 Gold Mining
30:24 Man-at-Arms
32:41 Chemistry
32:20 Leather Archer Armor
33:02 Halberdier
33:55 Forging
34:25 Cranequins
36:12 Iron Casting
36:39 Ring Archer Armor
40:35 Bracer
40:16 Crossbowman
40:57 Treadmill Crane
Tesistaní
7:18 Loom
10:02 Feudal Age
11:41 Double-Bit Axe
16:07 Castle Age
17:02 Bow Saw
19:55 Wheelbarrow
19:40 Town Watch
27:11 Hand Cart
30:27 Imperial Age
28:02 Fletching
29:42 Gold Mining
30:29 Forging
30:25 Scale Barding Armor
31:38 Husbandry
30:59 Light Cavalry
33:32 Chemistry
34:15 Elite Throwing Axeman
34:43 Pikeman
35:31 Ordonnance Companies
36:31 Conscription
41:33 Iron Casting
41:18 Chain Barding Armor
Connection lost

Rejoining the realm…

Still unreachable

The connection could not be restored.

Session expired

The server has moved on; the page needs a fresh start.